 Dungeon Crawl Stone Soup version 0.24-a0-117-g53b5160 (webtiles) character file.

Game seed: 16792348493111480660

230 galech the Chopper (level 5, -1/42 HPs)
             Began as a Demonspawn Fighter on Feb 18, 2019.
             Slain by an orc wizard
             ... wielding a +0 falchion
              (4 damage)
             ... on level 3 of the Dungeon.
             The game lasted 00:04:32 (2008 turns).

galech the Chopper (Demonspawn Fighter)             Turns: 2008, Time: 00:04:32

Health: -1/42      AC:  8    Str: 16    XL:     5   Next: 72%
Magic:  5/5        EV:  7    Int: 10    God:
Gold:   123        SH:  9    Dex: 13    Spells: 4/4 levels left

rFire    . . .     SeeInvis .   a - +0 war axe
rCold    . . .     Gourm    .   c - +0 shield
rNeg     . . .     Faith    .   b - +0 scale mail
rPois    .         Spirit   .   (no helmet)
rElec    .         Reflect  .   (no cloak)
rCorr    .         Harm     .   (no gloves)
MR       .....                  (no boots)
Stlth    ..........             (no amulet)
HPRegen  0.14/turn              (no ring)
MPRegen  0.09/turn              (no ring)

@: slowed, very slow
A: hooves 1, molten scales 1
a: no special abilities


You were on level 3 of the Dungeon.
You were not hungry.

You visited 1 branch of the dungeon, and saw 3 of its levels.

You collected 123 gold pieces.

Inventory:

Hand Weapons
 a - a +0 war axe (weapon)
Armour
 b - a +0 scale mail (worn)
 c - a +0 shield (worn)
Jewellery
 k - an uncursed ring of flight {unknown}
Scrolls
 d - a scroll of magic mapping {unknown}
 e - 4 scrolls of identify {unknown}
 g - a scroll of teleportation {unknown}
 j - a scroll of immolation {unknown}
 l - a scroll of fog {unknown}
Potions
 h - a potion of brilliance {unknown}
 i - a potion of mutation {unknown}
 n - 2 potions of heal wounds {unknown}
 o - a potion of degeneration {unknown}
Comestibles
 f - 2 rations
 m - 17 chunks of flesh


   Skills:
 + Level 3.7 Fighting
 + Level 3.8 Axes
 + Level 3.4 Armour
 + Level 1.0 Dodging
 + Level 0.2 Stealth
 + Level 3.4 Shields


You had 4 spell levels left.
You didn't know any spells.
Your spell library was empty.

Dungeon Overview and Level Annotations

Branches:
Dungeon (3/15)

Altars:
Cheibriados
Kikubaaqudgha
Trog


Innate Abilities, Weirdness & Mutations

You have large cloven feet.
You are partially covered in molten scales. (AC +2)


Message History

The orc wizard hits you but does no damage.
The orc wizard gestures at you while chanting.
The puff of frost hits you!
You hit the orc wizard.
You kill the orc wizard!
Your Dodging skill increases to level 1!
Your shield prevents you from hitting the orc wizard.
The orc wizard hits you but does no damage.
The orc wizard casts a spell at you. The magic dart hits you!
* * * LOW HITPOINT WARNING * * *
The orc wizard hits you but does no damage.
You block the orc wizard's attack.
Things that are here:
a +0 club; a +0 robe Unknown command.
You barely miss the orc wizard. You kick the orc wizard.
The orc wizard is moderately wounded.
The orc wizard hits you with a +0 falchion.
You die...

..... ..#.. .....
###....##.# ). ..
###..####.... ....# .#...
...........## .##.##.#...
.....#.>....##.##........
...............##....(...
..............###........
....).........###))......
..)<............@o.......
..รท..............?)......
...$............#.#######
....................
.............#........
......#.....##.........
###.....#### #########.
....### ....


You could see an orc wizard.

Vanquished Creatures
  Purgy (D:2)
  An orc wizard (D:3)
  2 adders (D:2)
  An ooze (D:3)
  A worm (D:2)
  2 dart slugs (D:2)
  5 orcs
  A ball python (D:3)
  5 giant cockroaches
  10 hobgoblins
  2 jackals (D:1)
  8 kobolds
  11 bats
  3 frilled lizards
  11 goblins
  10 rats
74 creatures vanquished.

Notes
Turn   | Place    | Note
-------+----------+-------------------------------------------
     0 | D:1      | galech the Demonspawn Fighter began the quest for the Orb.
     0 | D:1      | Reached XP level 1. HP: 18/18 MP: 1/1
   129 | D:1      | Gained mutation: You have large cloven feet. [demonic
                  | ancestry]
   129 | D:1      | Reached XP level 2. HP: 23/24 MP: 2/2
   785 | D:2      | Reached XP level 3. HP: 29/29 MP: 3/3
  1207 | D:2      | Found an ancient bone altar of Kikubaaqudgha.
  1252 | D:2      | Gained mutation: You are partially covered in molten
                  | scales. (AC +2) [demonic ancestry]
  1252 | D:2      | Reached XP level 4. HP: 35/35 MP: 4/4
  1263 | D:2      | Found a bloodstained altar of Trog.
  1791 | D:2      | Found a snail-covered altar of Cheibriados.
  1832 | D:3      | Noticed Purgy
  1940 | D:2      | Killed Purgy
  1940 | D:2      | Reached XP level 5. HP: 37/42 MP: 5/5
  2006 | D:3      | Reached skill level 1 in Dodging
  2006 | D:3      | HP: 2/42 [orc wizard/magic dart (11)]
  2008 | D:3      | Slain by an orc wizard

Levels and vault maps discovered:
D:1:      minmay_arrival_shattered_statue, layout_basic,
          minmay_misc_feat_diagonals
D:2:      layout_basic, lemuel_coloured_pillars_altar, marbit_many_paths,
          kiku_gazebo_pond_becter
D:3:      layout_rooms, first_ration, chequers_ecumenical_altar_simple_redux,
          uniq_purgy

Skill      XL: |  1  2  3  4  5 |
---------------+----------------+-----
Axes           | 2 3 |  3.8
Shields        | 3 |  3.4
Armour         | 3 |  3.4
Dodging        | 1 |  1.0
Fighting       | |  3.7
Stealth        | |  0.2

Action                   |  1- 3 |  4- 6 || total
-------------------------+-------+-------++-------
Melee: War axe           |    88 |    59 ||   147
       Kick              |    14 |    16 ||    30
  Use: Potion            |       |     1 ||     1
  Eat: Chunk             |     1 |     3 ||     4
Armor: Scale mail        |    42 |    62 ||   104
Dodge: Dodged            |    27 |    39 ||    66
Block: Shield            |    40 |    57 ||    97

Table legend:
 A = Non-vault XP
 B = Vault XP
 C = Vault XP percentage of total XP
 D = Non-vault monster count
 E = Vault monster count
 F = Vault count percentage of total count
                 A         B        C        D         E       F
            +---------+---------+-------+---------+---------+-------
      Total |     197 |     132 |  40.1 |      72 |       2 |   2.7
            +---------+---------+-------+---------+---------+-------
        D:1 |      40 |       0 |   0.0 |      25 |       0 |   0.0
        D:2 |      91 |     132 |  59.2 |      36 |       2 |   5.3
        D:3 |      66 |       0 |   0.0 |      11 |       0 |   0.0
            +---------+---------+-------+---------+---------+-------
